AoeStats
← Aldomagno

Arena

510231711Analyzed
2v2 RM · 2d ago on Sep 30, 2026· 24m 12s· 4 players
Game mode
Random Map
Map size
Medium (4 player)
Population
200
Speed
Normal
Resources
Standard
Victory
Conquest
Starting age
Dark Age
Ending age
Imperial Age
RankedLock teamsTeams togetherTeam positionsShared explorationLock speedFull tech treeHidden civsTurbo modeCheats
Victory
Defeat
🇨🇴 Bohemians · Colombia
861
+13
🇻🇪 Burgundians · Venezuela
860
+13
🇦🇷 Khmer · Argentina
796
-13
🇦🇺 Britons · Australia
790
-13
Aldomagno
13:03 Feudal Age
16:31 Castle Age
14:56 Double-Bit Axe
17:38 Loom
20:47 Horse Collar
23:35 Husbandry
23:46 Bloodlines
23:36 Gold Mining
23:53 Stone Mining
Shonhor
3:04 Loom
11:32 Feudal Age
14:35 Loom
17:34 Castle Age
15:45 Double-Bit Axe
20:22 Horse Collar
ITVE | CAColmenares
12:07 Feudal Age
13:01 Double-Bit Axe
18:25 Castle Age
19:37 Loom
22:51 Chemistry
Fannekin
4:15 Double-Bit Axe
10:32 Feudal Age
9:54 Horse Collar
14:30 Castle Age
13:32 Bow Saw
17:02 Light Cavalry
17:08 Light Cavalry
18:32 Fervor
18:37 Husbandry
20:41 Wheelbarrow
19:52 Loom
20:44 Gold Mining
21:59 Forging
21:55 Scale Barding Armor
24:02 Hand Cart
23:33 Town Watch
Connection lost

Rejoining the realm…

Still unreachable

The connection could not be restored.

Session expired

The server has moved on; the page needs a fresh start.